 Dungeon Sprint DCSS version 0.23.2-1-ga50397a6bc (webtiles) character file.

Game seed: 11958549367217226570

5432 Kobolds4U the Severer (level 10, -7/104 HPs)
             Began as a Minotaur Berserker on May 21, 2019.
             Was a High Priest of Trog.
             Mangled by a bog body (12 damage)
             ... in the Dungeon (Sprint VII: "The Pits").
             The game lasted 00:12:03 (1624 turns).

Kobolds4U the Severer (Minotaur Berserker)          Turns: 1624, Time: 00:12:03

Health: -7/104     AC: 17    Str: 22    XL:     10   Next: 41%
Magic:  9/9        EV: 14    Int:  7    God:    Trog [*****.]
Gold:   0          SH:  0    Dex: 13    Spells: 9/9 levels left

rFire    . . .     SeeInvis .   b - +2 executioner's axe (chop)
rCold    . . .     Gourm    .   (shield currently unavailable)
rNeg     . . .     Faith    .   v - +0 plate armour
rPois    .         Spirit   .   (helmet restricted)
rElec    .         Reflect  .   B - +0 cloak
rCorr    .         Harm     .   (no gloves)
MR       .....     NoTele   +   C - +0 pair of boots
Stlth    ..........             (no amulet)
HPRegen  0.27/turn              y - +3 ring of evasion
MPRegen  0.11/turn              x - +3 ring of intelligence

@: slowed, very slow
A: retaliatory headbutt, horns 2
a: Berserk, Trog's Hand, Brothers in Arms, Renounce Religion


You were in the Dungeon.
You worshipped Trog.
Trog was extremely pleased with you.
You were very hungry.

You visited 1 branch

Inventory:

Hand Weapons
 b - a +2 executioner's axe of chopping (weapon)
 j - a +2 antimagic war axe
 k - a +2 battleaxe of flaming
 p - a +2 glaive of freezing
 q - a +2 hand axe of chopping
 s - a +2 executioner's axe of chopping
 D - a +2 morningstar of crushing
Missiles
 t - 5 tomahawks (quivered)
Armour
 v - a +0 plate armour (worn)
 B - a +0 cloak (worn)
 C - a +0 pair of boots (worn)
Jewellery
 x - a +3 ring of intelligence (right hand)
 y - a +3 ring of evasion (left hand)
Scrolls
 m - 3 scrolls of remove curse
 n - a scroll of summoning
 o - 2 scrolls of vulnerability
Potions
 d - 6 potions of curing
 e - 4 potions of heal wounds
 f - a potion of haste
 g - 4 potions of magic
 h - 5 potions of berserk rage
 l - 2 potions of invisibility
 z - 2 potions of might
 A - 3 potions of brilliance
Comestibles
 a - 2 chunks of flesh
 c - 9 rations


   Skills:
 + Level 14.8 Fighting
 * Level 20.0 Axes
 + Level 10.2 Armour
 - Level 9.5 Dodging


You had 9 spell levels left.
You didn't know any spells.
Your spell library was empty.

Dungeon Overview and Level Annotations

Branches:
Dungeon (1/1)

Altars:
Cheibriados
Dithmenos
Elyvilon
Fedhas
Gozag
Hepliaklqana
Makhleb
Nemelex Xobeh
Okawaru
Qazlal
Ru
Sif Muna
Trog
Wu Jian
Xom
Yredelemnul
Zin
The Shining One
Jiyva


Innate Abilities, Weirdness & Mutations

You reflexively headbutt those who attack you in melee.
You have a pair of horns on your head.


Message History

The bog body misses you. The bog body closely misses you.
The bog body casts a spell at you.
You feel as though you will be slow longer.
Your magical contamination has completely faded away.
There is an open door to the Storerooms (Easy) here.
You barely miss the bog body. The bog body hits you!
* * * LOW HITPOINT WARNING * * *
The bog body touches you but does no damage.
You slash the bog body! You headbutt the bog body!
The bog body is severely damaged.
The bog body casts a spell at you. The bolt of cold hits you!
* * * LOW HITPOINT WARNING * * *
The bog body hits you!
* * * LOW HITPOINT WARNING * * *
The bog body barely misses you.
You closely miss the bog body.
The bog body is severely damaged.
The bog body hits you!
You die...

#..##############
##########................
_______.##................
_______.###########''#####
_____...###########''#####
##########'##................
#.?(.').)'.##......#..#......
##########.##................
#...........@n...............
#'#####)#####......#..#......
#.#...#.#..##................
#.#..รท#.#).#####'#####''#####
#.#...'.#))##.......##++#####
#.##'####))##.......##[))....
#.#.(...#[.##.......##.......
#.#.....#'###...<...##).#####
#.#........##.......##.)'...#


You could see a bog body.

Vanquished Creatures
  A sea snake (D)
  A swamp dragon (D)
  An orc knight (D)
  A smoke demon (D)
  A komodo dragon (D)
  An ice devil (D)
  A tyrant leech (D)
  A hornet (D)
  A hippogriff (D)
  A redback (D)
  A small abomination (D)
  2 vampire mosquitoes (D)
  2 floating eyes (D)
  3 orc warriors (D)
  A phantom (D)
  5 wights (D)
  A crimson imp (D)
  A quasit (D)
  An orc wizard (D)
  An adder (D)
  A river rat (D)
  An ooze (D)
  3 leopard geckos (D)
  10 orcs (D)
  2 bat zombies (D)
  A goblin (D)
  2 jackals (D)
  2 kobolds (D)
  A quokka (D)
  A bat (D)
  A frilled lizard (D)
  A quokka zombie (D)
54 creatures vanquished.

Vanquished Creatures (collateral kills)
  Sonja (D)
  A phantasmal warrior (D)
  A wolf spider (D)
  A rime drake (D)
  A vampire (D)
  A vampire mosquito (D)
  A water moccasin (D)
  Purgy (D)
  An orc priest (D)
  An iguana (D)
10 creatures vanquished.

Grand Total: 64 creatures vanquished

Notes
Turn   | Place    | Note
-------+----------+-------------------------------------------
     0 | D        | Kobolds4U the Minotaur Berserker began the quest for the
                  | Orb.
     0 | D        | Reached XP level 1. HP: 19/19 MP: 0/0
    13 | D        | Reached skill level 4 in Axes
    41 | D        | Found a bloodstained altar of Trog.
    41 | D        | Found a deep blue altar of Sif Muna.
    41 | D        | Found a viscous altar of Jiyva.
    41 | D        | Found a hazy altar of Hepliaklqana.
    41 | D        | Found an opulent altar of Gozag.
    42 | D        | Found a glowing golden altar of the Shining One.
    42 | D        | Found a glowing silver altar of Zin.
    42 | D        | Found a basalt altar of Yredelemnul.
    42 | D        | Found a shimmering altar of Xom.
    42 | D        | Found an ornate altar of the Wu Jian Council.
    42 | D        | Found a sacrificial altar of Ru.
    42 | D        | Found a stormy altar of Qazlal.
    42 | D        | Found an iron altar of Okawaru.
    42 | D        | Found a sparkling altar of Nemelex Xobeh.
    42 | D        | Found a burning altar of Makhleb.
    42 | D        | Found a blossoming altar of Fedhas.
    42 | D        | Found a white marble altar of Elyvilon.
    42 | D        | Found a shadowy altar of Dithmenos.
    42 | D        | Found a snail-covered altar of Cheibriados.
    49 | D        | Reached skill level 5 in Axes
    50 | D        | Reached ** piety under Trog
    59 | D        | Reached skill level 6 in Axes
    59 | D        | Reached XP level 2. HP: 21/26 MP: 1/1
   119 | D        | Noticed a floating eye
   120 | D        | Noticed a floating eye
   121 | D        | Paralysed by a floating eye for 2 turns
   124 | D        | Killed a floating eye
   124 | D        | Reached skill level 10 in Axes
   124 | D        | Reached XP level 3. HP: 35/38 MP: 2/2
   124 | D        | Reached XP level 4. HP: 42/45 MP: 3/3
   124 | D        | Reached *** piety under Trog
   125 | D        | Paralysed by a floating eye for 4 turns
   130 | D        | Killed a floating eye
   130 | D        | Reached skill level 11 in Axes
   130 | D        | Reached XP level 5. HP: 46/53 MP: 4/4
   197 | D        | Noticed an orc warrior
   208 | D        | Reached **** piety under Trog
   208 | D        | Reached skill level 5 in Armour
   209 | D        | Reached skill level 12 in Axes
   209 | D        | Reached XP level 6. HP: 56/62 MP: 5/5
   219 | D        | Reached ***** piety under Trog
   219 | D        | Reached skill level 13 in Axes
   221 | D        | Killed an orc warrior
   221 | D        | Received a gift from Trog
   223 | D        | Reached XP level 7. HP: 32/71 MP: 6/6
   454 | D        | Reached skill level 10 in Fighting
   456 | D        | Noticed a redback
   459 | D        | Killed a redback
   459 | D        | Reached skill level 14 in Axes
   528 | D        | Received a gift from Trog
   547 | D        | Noticed a small abomination
   555 | D        | Killed a small abomination
   792 | D        | Noticed a hornet
   792 | D        | Noticed an orc knight
   801 | D        | Killed a hornet
   801 | D        | Reached skill level 15 in Axes
   801 | D        | Reached XP level 8. HP: 82/82 MP: 7/7
   805 | D        | Killed an orc knight
   805 | D        | Received a gift from Trog
   805 | D        | Reached skill level 16 in Axes
   805 | D        | Reached skill level 5 in Dodging
   834 | D        | Noticed an ice devil
   837 | D        | Killed an ice devil
   839 | D        | Received a gift from Trog
   844 | D        | Noticed a swamp dragon
   862 | D        | Reached skill level 17 in Axes
   862 | D        | Reached XP level 9. HP: 91/91 MP: 6/8
   864 | D        | Killed a swamp dragon
   870 | D        | Noticed a phantasmal warrior
   872 | D        | Killed a phantasmal warrior
   872 | D        | Reached skill level 18 in Axes
   887 | D        | Noticed Purgy
   890 | D        | Killed Purgy
   891 | D        | Noticed a sea snake
   896 | D        | Noticed a tyrant leech
   898 | D        | Killed a sea snake
  1233 | D        | Killed a tyrant leech
  1233 | D        | Received a gift from Trog
  1399 | D        | Noticed a smoke demon
  1399 | D        | Noticed a komodo dragon
  1401 | D        | Killed a komodo dragon
  1404 | D        | Killed a smoke demon
  1404 | D        | Reached skill level 19 in Axes
  1404 | D        | Reached XP level 10. HP: 66/103 MP: 9/9
  1553 | D        | Noticed a wolf spider
  1564 | D        | Killed a wolf spider
  1564 | D        | Received a gift from Trog
  1583 | D        | Noticed Sonja
  1589 | D        | Killed Sonja
  1589 | D        | Received a gift from Trog
  1589 | D        | Reached skill level 10 in Armour
  1590 | D        | Reached skill level 20 in Axes
  1623 | D        | HP: 5/104 [bog body (11)]
  1624 | D        | Mangled by a bog body

Skill      XL: |  1  2  3  4  5  6  7  8  9 10 |
---------------+-------------------------------+-----
Axes           | 6 10 11 12 13 15 17 19 20 | 20.0
Fighting       | 6 8 9 11 12 14 | 14.8
Armour         | 4 5 7 9 10 | 10.2
Dodging        | 3 6 9 |  9.5

Action                   |  1- 3 |  4- 6 |  7- 9 | 10-12 || total
-------------------------+-------+-------+-------+-------++-------
Melee: Hand axe          |    10 |    22 |     9 |       ||    41
       Headbutt          |     3 |     6 |     6 |     3 ||    18
       Executioner's axe |       |       |    56 |    26 ||    82
Invok: Berserk           |       |     1 |     2 |       ||     3
       Trog's Hand       |       |       |     2 |     1 ||     3
       Brothers in Arms  |       |       |     1 |     1 ||     2
  Use: Potion            |       |       |     3 |     2 ||     5
       Scroll            |       |       |       |     1 ||     1
 Stab: Distracted        |       |       |     1 |       ||     1
  Eat: Chunk             |       |       |     6 |       ||     6
Armor: Animal skin       |     1 |     1 |       |       ||     2
       Chain mail        |       |    14 |       |       ||    14
       Plate armour      |       |       |    39 |    20 ||    59
Dodge: Dodged            |     7 |     9 |    38 |    25 ||    79
